 Dungeon Crawl Stone Soup version 0.19-a0-36-g4a0968a (webtiles) character file.

823 seren the Grappler (level 7, -4/66 HPs)
             Began as a Ghoul Monk on May 3, 2016.
             Slain by a wyvern zombie (6 damage)
             ... on level 6 of the Dungeon on May 4, 2016.
             The game lasted 00:23:13 (5457 turns).

seren the Grappler (Ghoul Monk)                     Turns: 5457, Time: 00:23:14

Health: -4/66      AC:  3    Str: 15    XL:     7   Next: 96%
Magic:  6/6        EV: 18    Int:  7    God:
Gold:   267        SH:  0    Dex: 16    Spells: 0 memorised, 6 levels left

rFire  . . .     SeeInvis .       - Unarmed
rCold  + . .     Gourm    .     a - +1 robe
rNeg   + + +     Faith    .     (no shield)
rPois  ∞         Spirit   .     (no helmet)
rElec  .         Dismiss  .     (no cloak)
rCorr  .         Reflect  .     (no gloves)
SustAt +         Harm     .     (no boots)
MR     .....                    (no amulet)
Stlth  +++.......               (no ring)
                                k - ring of sustain attributes

@: agile, rotting, not resistant to hostile enchantments, fairly stealthy
A: rotting body, claws 1, carnivore 3, cold resistance 1, negative energy
resistance 3, slow regeneration 1, torment resistance, unbreathing
a: no special abilities


You were on level 6 of the Dungeon.
You were not hungry.

You visited 1 branch of the dungeon, and saw 6 of its levels.

You collected 267 gold pieces.

Inventory:

Hand Weapons
 h - a +2 dagger of freezing
Missiles
 d - 5 needles of confusion
 i - 2 javelins
 n - 44 poisoned needles
 t - 3 tomahawks of returning (quivered)
Armour
 a - a +1 robe (worn)
 m - a +0 leather armour
 u - a +0 pair of gloves
 w - a +0 shield
Jewellery
 k - a ring of sustain attributes (left claw)
Scrolls
 c - 2 scrolls of magic mapping
 j - a scroll of random uselessness
 p - a scroll of remove curse
 v - 2 scrolls of fog {unknown}
 x - a scroll of teleportation {unknown}
 y - a scroll of identify
 A - a scroll of blinking {unknown}
Potions
 e - 3 potions of curing
 f - a potion of heal wounds {unknown}
 l - a potion of brilliance {unknown}
 o - a potion of haste {unknown}
 r - 2 potions of agility
 z - a potion of might {unknown}
 B - a potion of cure mutation {unknown}
Comestibles
 b - 6 meat rations
 g - 2 beef jerkies


   Skills:
 + Level 7.5 Fighting
 - Level 2.6 Dodging
 - Level 2.1 Stealth
 + Level 8.0 Unarmed Combat


You had 6 spell levels left.
You didn't know any spells.

Dungeon Overview and Level Annotations

Branches:
Dungeon (6/15)
 Temple: D:4-7

Altars:
Cheibriados
Dithmenos
Gozag
Makhleb
Pakellas
Qazlal
Vehumet

Annotations:
D:3 Yehuk's ghost, amateur OgHu
D:5 Edmund


Innate Abilities, Weirdness & Mutations

Your body is rotting away.
You thrive on raw meat.
You are immune to poison.
You have sharp fingernails.
You are carnivorous and can eat meat at any time.
Your flesh is cold resistant.
You are immune to negative energy.
You regenerate slowly when monsters are visible.
You are immune to unholy pain and torment.
You can survive without breathing.


Message History

The wyvern zombie barely misses you.
You are too injured to fight recklessly!
You are too injured to fight recklessly!
You are too injured to fight recklessly!
You scratch the wyvern zombie. The wyvern zombie bites you.
* * * LOW HITPOINT WARNING * * *
The wyvern zombie bites you!
* * * LOW HITPOINT WARNING * * *
Read which item? (? for menu, Esc to quit)
As you read the scroll labeled TOKEF RAGYOTON, it crumbles to dust.
It is a scroll of enchant weapon.
Enchant which weapon? (? for menu, Esc to quit)
Your +1 dagger of freezing glows red for a moment.
The wyvern zombie barely misses you.
Read which item? (? for menu, Esc to quit)
As you read the scroll labeled MOC OMINGONN, it crumbles to dust.
It is a scroll of enchant armour.
Enchant which item? (? for menu, Esc to quit)
Your +0 robe glows green for a moment.
The wyvern zombie bites you.
You die...

#..........#.##.
..>...............
.###.#.........##..
....#.#..#.#...##
#........#...#
###.#..###...#
...#....#...#
########.#...#
..#........@.#
#.#....#.#.#Z#
#.####.#.#.#.#
#.#......#.#.#
#........#.#..
#........).#.#
#......#######
#.#.#<.......
#.#.#########


You could see a wyvern zombie.

Vanquished Creatures
  An ice beast (D:6)
  A phantom (D:5)
  2 centaurs (D:5)
  A giant frog (D:5)
  A howler monkey (D:4)
  2 centaur skeletons
  A hound (D:4)
  6 worker ants
  A worker ant zombie (D:5)
  4 adders
  2 gnolls (D:4)
  A shadow imp (D:5)
  An ooze (D:2)
  2 worms
  4 dart slugs
  3 giant geckos
  7 orcs
  6 bats
  4 giant cockroaches
  5 goblins
  5 hobgoblins
  3 jackals
  6 kobolds
  3 ball pythons
  2 giant newts
  A jackal skeleton (D:5)
  7 rats
82 creatures vanquished.

Notes
Turn   | Place    | Note
--------------------------------------------------------------
     0 | D:1      | seren the Ghoul Monk began the quest for the Orb.
     0 | D:1      | Reached XP level 1. HP: 19/19 MP: 0/0
   242 | D:1      | Reached XP level 2. HP: 19/26 MP: 1/1
   880 | D:1      | Reached XP level 3. HP: 33/33 MP: 2/2
   918 | D:1      | Reached skill level 5 in Unarmed Combat
  1262 | D:2      | Found an opulent altar of Gozag.
  1363 | D:2      | Found a burning altar of Makhleb.
  1365 | D:2      | Found a snail-covered altar of Cheibriados.
  1365 | D:2      | Found a radiant altar of Vehumet.
  1947 | D:3      | Reached XP level 4. HP: 40/40 MP: 3/3
  1968 | D:3      | Found an oddly glowing altar of Pakellas.
  1985 | D:3      | Found a shadowy altar of Dithmenos.
  2018 | D:3      | Noticed Yehuk's ghost (amateur OgHu)
  2355 | D:3      | Reached skill level 5 in Fighting
  2355 | D:3      | Reached XP level 5. HP: 34/48 MP: 4/4
  2898 | D:4      | Reached skill level 6 in Unarmed Combat
  3228 | D:4      | Reached XP level 6. HP: 46/57 MP: 5/5
  3486 | D:4      | You fall through a shaft for 2 floors!
  3516 | D:5      | Entered Level 5 of the Dungeon
  3516 | D:5      | Noticed a phantom
  3984 | D:5      | Noticed Edmund
  4058 | D:5      | Found a stormy altar of Qazlal.
  4233 | D:5      | Reached XP level 7. HP: 24/61 MP: 6/6
  4382 | D:5      | Reached skill level 7 in Unarmed Combat
  5291 | D:6      | Reached skill level 8 in Unarmed Combat
  5455 | D:6      | HP: 2/66 [wyvern zombie (12)]
  5457 | D:6      | Slain by a wyvern zombie

Vault maps used:
D:1:      lemuel_arrival_cross
D:2:      grunt_temple_overflow_open, nicolae_gozag_seed_capital, serial_forest,
          infiniplex_forest_lined_3, infiniplex_forest_clump_curved,
          infiniplex_forest_lined_ring, infiniplex_forest_straight_5,
          infiniplex_forest_end_2, infiniplex_forest_lined_3,
          infiniplex_forest_corner_1, infiniplex_forest_lined_room_
D:3:      grunt_dithmenos_smoke, grunt_pakellas_sulfur
D:5:      basic_altar, first_bread, uniq_edmund
D:6:      minmay_temple_entry_trees, kennysheep_cluttered_room, uniq_grinder

Skill      XL: |  1  2  3  4  5  6  7 |
---------------+----------------------+-----
Unarmed Combat | 5 6 8 |  8.0
Fighting       | 4 5 6 7 |  7.5
Dodging        | |  2.6
Stealth        | |  2.1

Action                   |  1- 3 |  4- 6 |  7- 9 || total
-------------------------+-------+-------+-------++-------
Melee: Unarmed           |   132 |   126 |    54 ||   312
       Punch             |     1 |     1 |       ||     2
  Use: Scroll            |       |     5 |     4 ||     9
       Potion            |       |       |     1 ||     1
 Stab: Sleeping          |     5 |     4 |       ||     9
  Eat: Chunk             |    14 |    16 |     6 ||    36
Armor: Robe              |    21 |    11 |     2 ||    34
Dodge: Dodged            |    60 |    73 |    27 ||   160
